 Dungeon Crawl Stone Soup version 0.30-a0-476-g330ca2eb8e (webtiles) character file.

Game seed: 4420249838020973134

169 funkygono the Slasher (level 5, -17/39 HPs)
             Began as a Demonspawn Gladiator on Dec 21, 2022.
             Demolished by an ogre
             ... wielding a +0 giant club
              (31 damage)
             ... on level 3 of the Dungeon.
             The game lasted 00:03:48 (2384 turns).

funkygono the Slasher (Demonspawn Gladiator)        Turns: 2384, Time: 00:03:49

Health: -17/39     AC:  7    Str: 16    XL:     5   Next: 25%
Magic:  5/5        EV: 10    Int:  9    God:
Gold:   158        SH:  6    Dex: 15    Spells: 4/4 levels left

rFire   . . .      SeeInvis .    a - +0 long sword
rCold   . . .      Faith    .    (no shield)
rNeg    . . .      Spirit   .    f - +0 scale mail
rPois   .          Reflect  .    c - +0 helmet
rElec   .          Harm     .    (no cloak)
rCorr   .          Rampage  .    (no gloves)
Will    .....                    (no boots)
Stlth   ..........               (no amulet)
HPRegen 0.26/turn                (no ring)
MPRegen 0.09/turn                (no ring)

@: lethally poisoned (-17 -> -20)
A: large bone plates 2, ignite blood 2
a: no special abilities


You were on level 3 of the Dungeon.
You visited 1 branch of the dungeon, and saw 4 of its levels.

You collected 158 gold pieces.

Inventory:

Hand Weapons
 a - a +0 long sword (weapon)
 q - a +2 spectral quarterstaff
Missiles
 d - 3 throwing nets (quivered)
 e - a javelin
Armour
 b - a +0 leather armour
 c - a +0 helmet (worn)
 f - a +0 scale mail (worn)
Wands
 s - a wand of light (11)
Scrolls
 h - a scroll of fog {unknown}
 i - 4 scrolls of identify {unknown}
 l - a scroll of torment {unknown}
 m - a scroll of teleportation {unknown}
 p - a scroll of immolation {unknown}
 t - a scroll of enchant armour {unknown}
 u - 2 scrolls of blinking {unknown}
 v - 3 scrolls of fear {unknown}
Potions
 g - a potion of curing {unknown}
 j - a potion of haste {unknown}
 k - a potion of mutation {unknown}
 n - a potion of resistance {unknown}
 o - a potion of flight {unknown}
 r - a potion of lignification {unknown}


   Skills:
 + Level 2.5 Fighting
 + Level 4.1 Long Blades
 + Level 2.1 Throwing
 + Level 1.7 Armour
 + Level 3.3 Dodging
 + Level 0.4 Stealth
 + Level 0.1 Shields


You had 4 spell levels left.
You didn't know any spells.
Your spell library contained the following spells:

 Spells                   Type           Power      Damage    Failure   Level
 Ozocubu's Armour         Ice            0%         N/A       99%         3
 Ozocubu's Refrigeration  Ice            0%         4d7       100%        7


Dungeon Overview and Level Annotations

Branches:
Dungeon (4/15)
 Temple: D:4-7

Altars:


Innate Abilities, Weirdness & Mutations

You are mostly covered in large bone plates. (SH +6)
Your demonic aura often causes spilled blood to erupt in flames.


Message History

You barely miss the hound.
The hound is heavily wounded.
The hound bites you but does no damage. x2
You hit the hound.
The hound is severely wounded.
The hound bites you. The hound barely misses you.
You hit the hound.
The hound is almost dead.
The hound is engulfed in blazing flames.
You kill the hound!
Your Long Blades skill increases to level 4!
You see here a hound corpse.
HP restored.
Done exploring.
There is a stone staircase leading down, spattered with blood here.
You climb downwards.
You block the adder's attack. The ogre closely misses you.
The adder closely misses you.
There is a stone staircase leading up here.
The adder barely misses you. The giant cockroach barely misses you.
The ogre hits you with a +0 giant club!
You climb upwards.
There is a stone staircase leading down, spattered with blood here.
Unknown command.
You barely miss the ogre.
The adder bites you but does no damage. x2
You barely miss the ogre. The ogre closely misses you.
The adder completely misses you.
You hit the ogre but do no damage. The adder bites you but does no damage.
The ogre hits you with a +0 giant club. The adder barely misses you.
Unknown command.
You barely miss the ogre. The adder barely misses you.
The ogre barely misses you.
You completely miss the ogre. You block the adder's attack.
The adder barely misses you. The ogre closely misses you.
You closely miss the ogre. The adder bites you.
You are poisoned.
The adder poisons you!
You closely miss the ogre.
You feel sick. The adder bites you.
The ogre hits you with a +0 giant club!!
Ouch! That really hurt!
You die...

.....# #.# #..)......... ####.#
#.# #####.#####.##.#. #.#######.#
#..............#. ####.##......#
#.##..##########. #..........###
#.##...# #. ...#.##.##.# #.##.#.#
#. ........##.######.##.#.# #.
...#.##...<....##S##.#.# #####.
#.##...........†@....#.#####.....
#.#####........O#.####.#.....##..
#.# ####.###..#.####.#.######.#
#.########.# #..#.#......# #.#
#..........###.#..#.##)### ###.#
###########.........##.# #....
...# #.###.######.######.### ##.#
#.# #.# #..........# # #.# #.#
#.####.########.###


You could see an ogre and an adder.

Vanquished Creatures
  A hound (D:3)
  An orc wizard (D:3)
  4 adders
  4 worms
  3 orcs (D:3)
  4 ball pythons
  4 bats
  8 endoplasms
  3 giant cockroaches (D:2)
  6 goblins
  4 hobgoblins
  4 jackals (D:1)
  2 kobolds
  4 quokkas
  7 frilled lizards
  3 rats
62 creatures vanquished.

Notes
Turn   | Place    | Note
-------+----------+-------------------------------------------
     0 | D:1      | funkygono the Demonspawn Gladiator began the quest for the
                  | Orb.
     0 | D:1      | Reached XP level 1. HP: 16/16 MP: 1/1
   225 | D:1      | Gained mutation: Your demonic aura sometimes causes spilled
                  | blood to erupt in flames. [demonic ancestry]
   225 | D:1      | Reached XP level 2. HP: 22/22 MP: 2/2
   310 | D:1      | Found Keitouva's General Store.
   362 | D:1      | Reached skill level 3 in Long Blades
   981 | D:2      | Gained mutation: You are partially covered in large bone
                  | plates. (SH +4) [demonic ancestry]
   981 | D:2      | Reached XP level 3. HP: 27/27 MP: 3/3
  1004 | D:2      | Found a faded altar of an unknown god.
  1337 | D:2      | Gained mutation: Your demonic aura often causes spilled
                  | blood to erupt in flames. [demonic ancestry]
  1337 | D:2      | Reached XP level 4. HP: 34/34 MP: 4/4
  1716 | D:3      | Reached skill level 1 in Armour
  1991 | D:3      | Gained mutation: You are mostly covered in large bone
                  | plates. (SH +6) [demonic ancestry]
  1991 | D:3      | Reached XP level 5. HP: 30/39 MP: 5/5
  2313 | D:4      | Noticed an ogre
  2333 | D:3      | Reached skill level 4 in Long Blades
  2384 | D:3      | Demolished by an ogre

Illustrated notes

Levels and vault maps discovered:
D:1:      wander_arrival_lonely_grave, layout_basic, serial_shops,
          nicolae_shop_hallway_stairs
D:2:      layout_basic, dreamdust_ecumenical_altar_statues
D:3:      layout_loops_ring, mainiacjoe_overflow_concentric_impassable,
          minmay_misc_feat_plants
D:4:      minmay_polygon_palace, layout_layer_cave,
          mainiacjoe_overflow_brackets, nicolae_overflow_hidden_temple,
          amcnicky_altar_gilded, minmay_temple_entry_statues,
          minmay_fountain_box

Skill      XL: |  1  2  3  4  5 |
---------------+----------------+-----
Throwing       | 2 |  2.1
Dodging        | 3 |  3.3
Long Blades    | 3 4 |  4.1
Armour         | 1 |  1.7
Fighting       | |  2.5
Stealth        | |  0.4
Shields        | |  0.1

Action                   |  1- 3 |  4- 6 || total
-------------------------+-------+-------++-------
Melee: Long sword        |   127 |    89 ||   216
       Punch             |     1 |       ||     1
Armor: Scale mail        |    57 |    29 ||    86
       Leather armour    |     3 |       ||     3
Dodge: Dodged            |    68 |    48 ||   116
Block: Other             |     7 |    18 ||    25

Table legend: (Time is in decaauts)
 A = Elapsed time spent in this place.
 B = Non-inter-level travel time spent in this place.
 C = Inter-level travel time spent in this place.
 D = Time resting spent in this place.
 E = Time spent auto-exploring this place.
 F = Levels seen in this place.
 G = Mean time per level.
                   A        B        C        D        E       F      G
               +--------+--------+--------+--------+--------+-----+--------+
         Total |   2433 |   2388 |     45 |      7 |   1829 |   4 |  608.2 |
       Dungeon |   2433 |   2388 |     45 |      7 |   1829 |   4 |  608.2 |
               +--------+--------+--------+--------+--------+-----+--------+

Top non-repeatable levels by time:
     D:1: 989 daAuts
     D:3: 860 daAuts
     D:2: 575 daAuts
     D:4: 8 daAuts
